Map: Acid Plant LE

Players

A.I. 1 (Very Easy)

  • Race: Protoss Protoss
  • Spawn Location: 5:00

GuiHome - Winner!

  • Race: Zerg Zerg
  • Spawn Location: 11:00

VOD

Have the link to the VOD?

Description

Test

Time

  • Played on: Sept. 30, 2020, 8:17 p.m.
  • Length: 10:08
Show
View Real Time Build Order
Export as new Build Order

A.I. 1 (Very Easy) Protoss 

Build Orders:  

Get SALT Encoding   

  12  0:00  Probe  
  13  0:13  Probe  
  14  0:20  Pylon  
  14  0:36  Assimilator  
  14  0:42  Gateway  
  14  0:46  Pylon  
  14  1:15  Assimilator  
  14  1:22  Zealot  
  14  1:24  Probe  
  14  1:32  Probe  
  17  1:33  Cybernetics Core  
  18  1:42  Probe  
  19  1:54  Probe  
  20  2:02  Probe  
  21  2:09  Warp Gate  
  21  2:10  Probe  
  22  2:42  Stalker  
  24  5:39  Probe  
  24  6:36  Probe  
  24  7:18  Probe  
  24  7:19  Adept  
  24  7:22  Pylon  
  27  7:23  Robotics Facility  
  27  7:24  Nexus  
  27  7:28  Probe  
  27  7:37  Probe  
  29  7:45  Probe  
  30  8:11  Observer  
  31  8:23  Stalker  
  31  8:25  Observer  
  30  8:37  Probe  
  31  8:44  Probe  
  31  8:46  Assimilator  
  32  8:48  Assimilator  
  32  8:51  Probe  
  33  8:59  Probe  
  34  9:05  Stalker  
  34  9:06  Probe  
  35  9:13  Probe  
  30  9:20  Probe  
  22  9:30  Probe, Pylon  
  25  9:39  Probe  
  15  10:02  Zealot  
Show
View Real Time Build Order
Export as new Build Order

GuiHome Zerg - Winner!

Build Orders: Hatch First 

Get SALT Encoding   

  12  0:01  Drone  
  13  0:12  Overlord  
  13  0:22  Drone  
  14  0:32  Drone x2  
  16  0:44  Drone  
  17  0:57  Hatchery  
  17  0:58  Drone  
  17  1:02  Drone  
  18  1:09  Extractor  
  17  1:19  Spawning Pool  
  16  1:25  Drone  
  16  1:26  Drone  
  18  1:34  Drone  
  18  1:39  Overlord  
  19  2:06  Queen  
  21  2:09  Queen  
  23  2:19  Metabolic Boost  
  23  2:22  Zergling x8  
  27  2:33  Zergling x2  
  27  2:34  Zergling x2  
  29  2:59  Drone x2  
  29  3:02  Hatchery, Drone  
  29  3:04  Queen  
  33  3:12  Overlord  
  33  3:30  Drone x2  
  33  3:31  Drone x4  
  39  3:39  Overlord  
  39  3:42  Overlord  
  39  4:10  Drone x3  
  39  4:11  Drone x2  
  39  4:12  Drone  
  45  4:19  Queen  
  47  4:26  Drone  
  47  4:27  Roach Warren  
  47  4:37  Drone x2  
  47  4:38  Drone x2  
  51  4:40  Drone x5  
  51  4:41  Drone  
  57  4:47  Extractor  
  57  4:48  Extractor  
  55  4:57  Zergling x2  
  55  4:58  Zergling x4  
  58  5:24  Drone x3  
  58  5:25  Drone x5  
  66  5:29  Overlord x2  
  66  5:31  Overlord  
  66  5:51  Lair  
  66  5:55  Roach x6  
  66  5:56  Roach x4  
  86  6:10  Drone x2  
  88  6:12  Drone  
  88  6:14  Drone  
  90  6:19  Overlord  
  90  6:20  Overlord x2  
  90  6:31  Extractor  
  89  6:50  Roach x4  
  89  6:51  Roach x5  
  107  7:06  Drone x3  
  110  7:09  Drone  
  111  7:16  Glial Reconstitution  
  111  7:19  Overlord  
  111  7:20  Overlord x3  
  111  7:37  Evolution Chamber  
  111  7:38  Drone  
  111  7:39  Evolution Chamber  
  111  7:42  Drone  
  111  7:46  Drone  
  112  7:54  Roach x4  
  112  7:55  Roach x6  
  112  7:56  Roach x5  
  142  8:04  Zerg Ground Armor Level 1  
  142  8:05  Zerg Missile Weapons Level 1  
  141  8:13  Overlord x4  
  140  8:29  Ravager x5  
  140  8:31  Ravager x2  
  140  8:32  Ravager x6  
Tags
 
Matchup
PvZ
Spawn Locations
Cross Positions
Add a new tag
Caveats
  • Supply blocks, unpowered buildings, or Contaminate may cause inaccurate times.
  • Supply counts are checked every 10 seconds.